 Dungeon Crawl Stone Soup version 0.22-a0-305-gd21a89c (webtiles) character file.

33 Gildeon the Digger (level 3, -1/19 HPs)
             Began as a Gargoyle Earth Elementalist on Mar 31, 2018.
             Killed by nerve-wracking pain
             ... invoked by an orc priest
              (2 damage)
             ... on level 3 of the Dungeon.
             The game lasted 00:07:10 (1142 turns).

Gildeon the Digger (Gargoyle Earth Elementalist)    Turns: 1142, Time: 00:07:10

Health: -1/19      AC:  5    Str: 10    XL:     3   Next: 29%
Magic:  1/7        EV: 12    Int: 15    God:
Gold:   83         SH:  0    Dex: 10    Spells: 7/8 levels left

rFire    . . .     SeeInvis .   f - +0 mace
rCold    . . .     Gourm    .   (no shield)
rNeg     + . .     Faith    .   c - +0 robe
rPois    ∞         Spirit   .   (helmet restricted)
rElec    +         Reflect  .   (no cloak)
rCorr    .         Harm     .   (no gloves)
MR       .....     Clarity  +   (no boots)
Stlth    ++........             (no amulet)
HPRegen  0.06/turn              (no ring)
MPRegen  0.10/turn              (no ring)

@: no status effects
A: antennae 1, clarity, low mp 1, negative energy resistance 1, electricity
resistance, weak 1, unbreathing, petrification resistance, rot immunity, AC +3
a: no special abilities


You were on level 3 of the Dungeon.
You were not hungry.

You visited 1 branch of the dungeon, and saw 3 of its levels.

You collected 83 gold pieces.

Inventory:

Hand Weapons
 f - a +0 mace (weapon)
Missiles
 b - 50 stones (quivered)
Armour
 c - a +0 robe (worn)
Potions
 e - 2 potions of curing
 g - a potion of flight {unknown}
 h - a potion of haste {unknown}
Comestibles
 a - 8 chunks of flesh
 d - 3 rations


   Skills:
 - Level 1.5 Dodging
 - Level 2.1 Stealth
 + Level 3.4 Spellcasting
   Level 0.7 Transmutations
 - Level 3.6 Earth Magic


You had 7 spell levels left.
You knew the following spells:

 Your Spells              Type           Power        Failure   Level  Hunger
a - Sandblast             Erth           ##....       4%          1    None


Dungeon Overview and Level Annotations

Branches:
Dungeon (3/15)

Altars:


Innate Abilities, Weirdness & Mutations

You are resistant to torment.
Your stone body is resilient. (AC +3)
You are immune to poison.
You resist negative energy. (rN+)
You are resistant to electric shocks. (rElec)
You can survive without breathing.
You are immune to petrification.
You are immune to rotting.
You have a pair of small antennae on your head.
You possess an exceptional clarity of mind.
Your magical capacity is low. (-10% MP)
You are weak. (Str -2)


Message History

The orc closely misses you.
You hit the orc priest but do no damage.
The orc priest is moderately wounded.
The orc priest misses you. The orc hits you but does no damage.
A hobgoblin comes into view. It is wielding a dagger.
The hobgoblin shouts!
You hit the orc priest but do no damage.
The orc priest is moderately wounded.
The orc priest calls down the wrath of Beogh upon you.
Pain shoots through your body!
* * * LOW HITPOINT WARNING * * *
The orc hits you.
* * * LOW HITPOINT WARNING * * *
The orc priest begins to cast a cantrip, but forgets the words!
You hit the orc priest.
The orc priest is heavily wounded.
The orc barely misses you.
The orc priest invokes the aid of Beogh against you.
Pain shoots through your body!
You die...

#...##≈...≈≈..≈..≈≈≈##
##.#.###.......≈..≈.##
#..#.# #........≈≈..# ..
#..#.###............#?..
#..#.##...............#
..)#.....####..#...##.#
##÷#####....#....#....##
##.########.#...........
..............(o@#.#####
.......######.##o#.#
##.##### #.....o# ##.#
#.....#....>. #..#
.....?.$....... #.#...#
#.........g.... #.#.###
#........o..... #####
#..............
#..............


You could see an orc priest, an orc and a hobgoblin.

Vanquished Creatures
  An adder (D:3)
  A dart slug (D:3)
  4 orcs (D:3)
  A goblin (D:1)
  2 hobgoblins (D:3)
  3 jackals (D:1)
  A quokka (D:3)
  2 bats
  2 frilled lizards (D:3)
  A kobold (D:1)
18 creatures vanquished.

Notes
Turn   | Place    | Note
-------+----------+-------------------------------------------
     0 | D:1      | Gildeon the Gargoyle Earth Elementalist began the quest for the Orb.
     0 | D:1      | Reached XP level 1. HP: 10/10 MP: 3/3
   692 | D:1      | Gained mutation: You are weak. (Str -2) [potion of mutation]
   692 | D:1      | Gained mutation: Your magical capacity is low. (-10% MP) [potion of mutation]
   692 | D:1      | Gained mutation: You have a pair of small antennae on your head. [potion of mutation]
   692 | D:1      | Gained mutation: You possess an exceptional clarity of mind. [potion of mutation]
   757 | D:1      | Reached XP level 2. HP: 15/15 MP: 3/5
  1097 | D:3      | Reached XP level 3. HP: 9/19 MP: 2/7
  1142 | D:3      | Killed from afar by an orc priest

Vault maps used:
D:1:      minmay_arrival_plants_in_alcoves, serial_bayou_pond_d
D:2:      dancing_weapons_uskayaw, kennysheep_big_empty_room
D:3:      cheibrodos_helix_gallery, gup_sewer_entry_bubbles, uniq_grinder

Skill      XL: |  1  2 |
---------------+-------+-----
Spellcasting   | 3 |  3.4
Dodging        | |  1.5
Stealth        | |  2.1
Transmutations | |  0.7
Earth Magic    | |  3.6

Action                   || total
-------------------------++-------
Melee: Mace              ||    17
 Cast: Sandblast         ||    32
  Use: Scroll            ||     3
       Potion            ||     1
  Eat: Chunk             ||     1
Armor: Robe              ||     4
Dodge: Dodged            ||    31

Table legend:
 A = Spawn XP
 B = Non-spawn XP
 C = Spawn XP percentage of total XP
 D = Spawn monster count
 E = Non-spawn monster count
 F = Spawn count percentage of total count
 G = Total turns spent on level
                    A         B        C        D         E        F      G
               +---------+---------+-------+---------+---------+-------+---------
         Total |       0 |      48 |   0.0 |       0 |      18 |   0.0 |  1142
               +---------+---------+-------+---------+---------+-------+---------
           D:1 |       0 |      10 |   0.0 |       0 |       6 |   0.0 |   841
           D:3 |       0 |      38 |   0.0 |       0 |      12 |   0.0 |   258
               +---------+---------+-------+---------+---------+-------+---------
